 Dungeon Crawl Stone Soup version 0.29-a0-422-gafbd6decc1 (webtiles) character file.

Game seed: 7121775889802877984

1372 trckry the Grave Robber (level 8, -2/52 HPs)
             Began as a Mummy Necromancer on May 19, 2022.
             Was an Initiate of Gozag.
             Slain by a phantom (4 damage)
             ... on level 5 of the Dungeon.
             The game lasted 00:25:34 (5874 turns).

trckry the Grave Robber (Mummy Necromancer)         Turns: 5874, Time: 00:25:35

Health: -2/52      AC:  5    Str: 11    XL:     8   Next: 38%
Magic:  17/17      EV: 12    Int: 16    God:    Gozag
Gold:   168        SH:  0    Dex: 13    Spells: 12/19 levels left

rFire   x . .      SeeInvis .   h - +0 hand axe
rCold   + + .      Faith    .   (no shield)
rNeg    + + +      Spirit   .   a - +0 robe
rPois   ∞          Reflect  .   b - +0 helmet
rElec   .          Harm     .   r - +0 cloak
rCorr   .          Rampage  .   (no gloves)
Will    +....                   c - +0 pair of boots
Stlth   ++........              k - amulet of magic regeneration
HPRegen 0.17/turn               g - ring of flight
MPRegen 0.55/turn               s - ring of protection from cold

@: confusing by touch, flying
A: cold resistance 1, negative energy resistance 3, torment resistance 2, heat
vulnerability 1, in touch with death 1, no potions
a: Renounce Religion, Potion Petition, Call Merchant, Bribe Branch


You were on level 5 of the Dungeon.
You worshipped Gozag.
Gozag was aware of your devotion.
You visited 2 branches of the dungeon, and saw 6 of its levels.
You also visited: Sewer.

You collected 221 gold pieces.
You paid 53 gold pieces to Gozag.

Inventory:

Hand Weapons
 h - a +0 hand axe (weapon)
 i - a +0 hunting sling
 t - a +0 whip of pain
Missiles
 p - a throwing net
 u - 20 poisoned darts
Armour
 a - a +0 robe (worn)
 b - a +0 helmet (worn)
 c - a +0 pair of boots (worn)
 f - a scarf of resistance
 r - a +0 cloak (worn)
 x - a +0 buckler
Jewellery
 g - a ring of flight (left hand)
 k - an amulet of magic regeneration (around neck)
 s - a ring of protection from cold (right hand)
 v - a +6 ring of strength
Scrolls
 d - 8 scrolls of identify {unknown}
 e - 5 scrolls of enchant weapon {unknown}
 j - 3 scrolls of poison {unknown}
 l - 2 scrolls of amnesia {unknown}
 m - 5 scrolls of teleportation {unknown}
 n - a scroll of enchant armour {unknown}
 o - a scroll of fog {unknown}
 q - 2 scrolls of fear {unknown}
 w - a scroll of silence {unknown}


   Skills:
 - Level 1.5 Dodging
 - Level 1.5 Stealth
 - Level 6.0 Spellcasting
 + Level 3.7 Hexes
 * Level 7.9 Necromancy
 + Level 3.6 Ice Magic


You had 12 spell levels left.
You knew the following spells:

 Your Spells              Type           Power      Damage    Failure   Level
a - Pain                  Necr           100%       1d9       1%          1
b - Vampiric Draining     Necr           45%        2d9       1%          3
c - Confusing Touch       Hex            16%        N/A       9%          3

Your spell library contained the following spells:

 Spells                   Type           Power      Damage    Failure   Level
 Animate Skeleton         Necr           90%        N/A       1%          1
 Slow                     Hex            64%        N/A       3%          1
 Ensorcelled Hibernation  Hex/Ice        32%        N/A       4%          2
 Animate Dead             Necr           22%        N/A       5%          4
 Tukima's Dance           Hex            16%        N/A       9%          3
 Ozocubu's Armour         Ice            16%        N/A       10%         3
 Agony                    Necr           45%        N/A       16%         5
 Passwall                 Tmut/Erth      3%         N/A       21%         2
 Gell's Gravitas          Tloc           4%         N/A       38%         3
 Lesser Beckoning         Tloc           4%         N/A       38%         3
 Swiftness                Air            4%         N/A       38%         3
 Teleport Other           Tloc           4%         N/A       38%         3
 Passage of Golubria      Tloc           4%         N/A       80%         4
 Yara's Violent Unravell  Hex/Tmut       5%         3d4       87%         5
 Ozocubu's Refrigeration  Ice            8%         4d6       100%        7
 Summon Hydra             Summ           2%         N/A       100%        7
 Sublimation of Blood     Necr           Unusable   N/A       N/A         2
 Wereblood                Tmut           Unusable   N/A       N/A         2

Dungeon Overview and Level Annotations

Branches:
Dungeon (5/15)             Temple (1/1) D:5           Sewer (visited)

Altars:
Ashenzari
Cheibriados
Dithmenos
Elyvilon
Fedhas
Gozag
Hepliaklqana
Kikubaaqudgha
Makhleb
Nemelex Xobeh
Okawaru
Qazlal
Ru
Sif Muna
Trog
Uskayaw
Vehumet
Wu Jian
Xom
Zin
The Shining One

Shops:
D:2 [[:   D:5 [

Annotations:
D:5 2 transporters, Menkaure


Innate Abilities, Weirdness & Mutations

You are immune to poison.
Your flesh is cold resistant. (rC+)
You are immune to negative energy. (rN+++)
You are immune to unholy pain and torment.
You are vulnerable to heat. (rF-)
You are in touch with the powers of death.
You do not drink.


Message History

The phantom barely misses you.
Your magical contamination has completely faded away.
The phantom attacks as you move away!
The phantom hits you but does no damage.
MP restored: 17
Casting: Confusing Touch (dangerous; 9% risk of failure)
Confirm with . or Enter, or press ? or * to list all spells.
You can't see any susceptible monsters within range! (Use Z to cast anyway.)
Casting: Confusing Touch (dangerous; 9% risk of failure)
Confirm with . or Enter, or press ? or * to list all spells.
Your hands begin to glow red.
The phantom barely misses you.
You now have 14/17 mp.
You barely miss the phantom.
Menkaure gestures wildly.
The phantom hits you!
* * * LOW HITPOINT WARNING * * *
You take 7 damage, and have 9/52 hp.
You barely miss the phantom.
The phantom hits you but does no damage.
You closely miss the phantom. The phantom hits you.
* * * LOW HITPOINT WARNING * * *
The phantom blinks!
You blink.
The phantom barely misses you.
You take 1 damage, and have 8/52 hp.
You barely miss the phantom.
Menkaure seems less confused.
The phantom hits you.
* * * LOW HITPOINT WARNING * * *
The phantom blinks!
You blink.
MP restored: 17 You barely miss the phantom.
Menkaure casts a spell.
Menkaure seems to speed up.
The phantom hits you but does no damage.
You hit the phantom but do no damage. The phantom hits you.
* * * LOW HITPOINT WARNING * * *
The phantom hits you.
* * * LOW HITPOINT WARNING * * *
You take 6 damage, and have 2/52 hp.
The phantom attacks as you move away! The phantom hits you.
You die...
Your body crumbles into a pile of gold.

.......§.....#
#.......#..
.............##
#..)..<.#..
########......#
####....#..
#......#
#....#..
#..M...#
#....#..
#......#
#.)..#..
#......#
#....#..
#......#
#).).#..
#..@W..#
#..<.###
#......g...#
####....
#..........#
#....
#..........'
#....
#..........#
###....
....########
#...... .....
#...... ......
#...... #......


You could see a phantom, Menkaure (fast) and a gnoll.

Vanquished Creatures
  Grinder (Sewer)
  2 water moccasins
  An ice beast (D:5)
  An ogre (D:5)
  A kobold brigand (Sewer)
  A necrophage (Sewer)
  A wight (Sewer)
  2 howler monkeys
  An orc priest (D:4)
  Terence (D:2)
  A gnoll shaman (D:5)
  A jelly (D:5)
  3 iguanas
  An orc wizard (D:4)
  9 gnolls
  8 adders
  4 ufetubi (Sewer)
  4 worms
  A dart slug (D:1)
  8 orcs
  7 endoplasms
  7 giant cockroaches
  9 goblins
  6 hobgoblins
  7 quokkas
  9 ball pythons
  5 bats
  5 frilled lizards
  25 kobolds
  3 kobold zombies (Sewer)
  25 rats
160 creatures vanquished.

Vanquished Creatures (others)
  6 plants (D:5)
6 creatures vanquished.

Grand Total: 166 creatures vanquished

Notes
Turn   | Place    | Note
-------+----------+-------------------------------------------
     0 | D:1      | trckry the Mummy Necromancer began the quest for the Orb.
     0 | D:1      | Reached XP level 1. HP: 13/13 MP: 4/4
   266 | D:1      | Reached XP level 2. HP: 19/19 MP: 0/6
   684 | D:1      | Found a faded altar of an unknown god.
  1064 | D:1      | Gained mutation: You are in touch with the powers of death.
                  | [Mummy growth]
  1064 | D:1      | Reached XP level 3. HP: 24/24 MP: 2/7
  1254 | D:1      | Learned a level 3 spell: Vampiric Draining
  1354 | D:2      | Reached skill level 5 in Necromancy
  1639 | D:2      | Found Solemew's Book Emporium.
  1674 | D:2      | Reached XP level 4. HP: 30/30 MP: 5/9
  1948 | D:2      | Found Nosoiw's Armour Boutique.
  1951 | D:2      | Noticed Terence
  1962 | D:2      | Killed Terence
  1963 | D:2      | Reached skill level 1 in Ice Magic
  2024 | D:2      | Found Seojaiz's Antique Armour Shoppe.
  2242 | D:3      | Reached XP level 5. HP: 35/35 MP: 7/11
  2536 | D:3      | Reached skill level 1 in Hexes
  3384 | D:4      | Reached XP level 6. HP: 32/41 MP: 8/12
  3746 | D:4      | Noticed a water moccasin
  3751 | D:4      | Killed a water moccasin
  3752 | D:4      | Reached skill level 6 in Necromancy
  3820 | D:5      | Entered Level 5 of the Dungeon
  3838 | D:5      | Noticed Menkaure
  3936 | D:5      | Reached skill level 5 in Spellcasting
  3936 | D:5      | Reached XP level 7. HP: 41/46 MP: 3/14
  3961 | D:5      | Found a transporter.
  4194 | D:5      | Found a glowing drain.
  4213 | Sewer    | Entered a sewer
  4648 | Sewer    | Noticed Grinder
  4653 | Sewer    | Learned a level 3 spell: Confusing Touch
  4732 | Sewer    | Paralysed by Grinder for 5 turns
  4757 | Sewer    | Paralysed by Grinder for 3 turns
  4767 | Sewer    | Paralysed by Grinder for 5 turns
  4775 | Sewer    | Killed Grinder
  4776 | Sewer    | Reached skill level 7 in Necromancy
  4816 | Sewer    | Found an ancient bone altar of Kikubaaqudgha.
  4839 | Sewer    | Reached XP level 8. HP: 52/52 MP: 16/16
  4994 | D:5      | Found Raul's Armour Boutique.
  5073 | D:5      | Found a staircase to the Ecumenical Temple.
  5111 | Temple   | Entered the Ecumenical Temple
  5322 | Temple   | Became a worshipper of Gozag Ym Sagoz the Greedy
  5437 | D:5      | Identified the ring of Ylem {+Blink rElec rPois Str-3}
  5459 | D:5      | Found a transporter.
  5468 | D:5      | Identified the +6 scale mail of Ethereal Miracles {Harm
                  | +Inv rPois Dex-4}
  5468 | D:5      | Identified the +3 kite shield of the Stars {rPois Dex-5
                  | SInv}
  5592 | D:5      | HP: 6/52 [gnoll/+0 spear[a gnoll shaman] (7)]
  5873 | D:5      | HP: 3/52 [phantom (5)]
  5874 | D:5      | Slain by a phantom

Illustrated notes

Levels and vault maps discovered:
D:1:      dpeg_arrival_pits, layout_basic, nicolae_ecumenical_snake_handling,
          solitary_fountain, kennysheep_flooded_box, minmay_split_cup_small
D:2:      layout_loops_ring, serial_shops, shop, nicolae_shop_trees,
          nicolae_shop_window_shopping, minmay_small_reverse_x, uniq_terence
D:3:      layout_basic, minmay_rat_hole
D:4:      layout_gridville
D:5:      layout_gridville, minmay_temple_entry_drinking_statues,
          gup_sewer_entry_bubbles, gammafunk_ghost_gnarly_gnolls, serial_shops,
          kennysheep_mini, uniq_menkaure
Temple:   kilobyte_greek_temple

Skill      XL: |  1  2  3  4  5  6  7  8 |
---------------+-------------------------+-----
Spellcasting   | 3 4 5 6 |  6.0
Necromancy     | 5 6 7 |  7.9
Ice Magic      | 1 2 3 |  3.6
Hexes          | 1 2 3 |  3.7
Dodging        | |  1.5
Stealth        | |  1.5

Action                   |  1- 3 |  4- 6 |  7- 9 || total
-------------------------+-------+-------+-------++-------
Melee: Hand axe          |       |     7 |    56 ||    63
       Whip              |       |       |     6 ||     6
 Fire: Hunting sling     |       |       |    72 ||    72
 Cast: Pain              |    75 |   114 |    53 ||   242
       Vampiric Draining |     2 |    25 |    28 ||    55
       Confusing Touch   |       |       |     5 ||     5
 Stab: Confused          |       |       |     2 ||     2
Armor: Robe              |    11 |    12 |    33 ||    56
Dodge: Dodged            |    23 |    21 |    85 ||   129

Table legend: (Time is in decaauts)
 A = Elapsed time spent in this place.
 B = Non-inter-level travel time spent in this place.
 C = Inter-level travel time spent in this place.
 D = Time resting spent in this place.
 E = Time spent auto-exploring this place.
 F = Levels seen in this place.
 G = Mean time per level.
                   A        B        C        D        E       F      G
               +--------+--------+--------+--------+--------+-----+--------+
         Total |   5924 |   5648 |    276 |    159 |   3688 |   7 |  846.3 |
       Dungeon |   4894 |   4697 |    197 |     12 |   3336 |   5 |  978.8 |
        Temple |    251 |    172 |     79 |      0 |    166 |   1 |  251.0 |
         Sewer |    778 |    778 |      0 |    147 |    186 |   1 |  778.0 |
               +--------+--------+--------+--------+--------+-----+--------+

Top non-repeatable levels by time:
     D:1: 1253 daAuts
     D:5: 1047 daAuts
     D:4: 875 daAuts
     D:2: 873 daAuts
     D:3: 844 daAuts
   Sewer: 778 daAuts
  Temple: 251 daAuts
